 Dungeon Crawl Stone Soup version 0.20-a0-270-g8e735b6 (webtiles) character file.

55 Leibowitz the Ducker (level 3, 0/29 HPs)
             Began as a Demigod Gladiator on Dec 10, 2016.
             Slain by a gnoll
             ... wielding a +0 spear
              (1 damage)
             ... on level 2 of the Dungeon.
             The game lasted 00:02:52 (1426 turns).

Leibowitz the Ducker (Demigod Gladiator)            Turns: 1426, Time: 00:02:53

Health: 0/29       AC:  5    Str: 18    XL:     3   Next: 45%
Magic:  5/5        EV: 13    Int: 12    God:
Gold:   77         SH:  0    Dex: 18    Spells: 2/2 levels left

rFire  . . .     SeeInvis .     a - +0 rapier
rCold  . . .     Gourm    .     b - +0 leather armour
rNeg   + . .     Faith    .     (no shield)
rPois  .         Spirit   .     c - +0 helmet
rElec  .         Reflect  .     (no cloak)
rCorr  .         Harm     .     (no gloves)
MR     .....                    (no boots)
Stlth  ++........               (no amulet)
                                j - +1 ring of protection
                                m - ring of positive energy

@: no status effects
A: high mp 1
a: no special abilities


You were on level 2 of the Dungeon.
You were hungry.

You visited 1 branch of the dungeon, and saw 2 of its levels.

You collected 77 gold pieces.

Inventory:

Hand Weapons
 a - a +0 rapier (weapon)
Missiles
 d - 3 throwing nets (quivered)
Armour
 b - a +0 leather armour (worn)
 c - a +0 helmet (worn)
Jewellery
 h - an uncursed ring of flight
 j - a +1 ring of protection (right hand)
 m - a ring of positive energy (left hand)
Scrolls
 e - 2 scrolls of teleportation {unknown}
 g - 6 scrolls of identify {unknown}
 l - a scroll of random uselessness {unknown}
 q - a scroll of enchant weapon {unknown}
 t - a scroll of recharging {unknown}
Potions
 n - 2 potions of resistance {unknown}
 o - a potion of haste {unknown}
 p - a potion of lignification {unknown}
 r - a potion of berserk rage {unknown}
 s - a potion of invisibility {unknown}
Comestibles
 f - 2 bread rations
 i - a beef jerky
 k - 2 meat rations


   Skills:
 * Level 2.2 Fighting
 + Level 3.2 Short Blades
 + Level 1.9 Throwing
 + Level 0.3 Armour
 * Level 3.2 Dodging
 * Level 0.6 Stealth


You had 2 spell levels left.
You didn't know any spells.

Dungeon Overview and Level Annotations

Branches:
Dungeon (2/15)


Innate Abilities, Weirdness & Mutations

You have an increased reservoir of magic. (+10% MP)


Message History

The gnoll is almost dead.
The gnoll closely misses you.
You hit the gnoll but do no damage.
The gnoll is almost dead.
The gnoll hits you with a spear!
* * * LOW HITPOINT WARNING * * *
You hit the gnoll but do no damage.
The gnoll is almost dead.
The gnoll closely misses you.
Your leather armour prevents you from hitting the gnoll.
The gnoll is almost dead.
The gnoll hits you with a spear.
* * * LOW HITPOINT WARNING * * *
You closely miss the gnoll.
The gnoll is almost dead.
The gnoll hits you but does no damage.
Okay, then.
Unknown command.
The gnoll hits you from afar with a spear.
You die...

#..###.#.##..#
#............# .#
#..#####.##### .. #..#
#.# ##.## #..# #.# #...
#..#####.# #..#
.........# #..##.#
#..################..##.#
#............gg)@...(##.#
##.################.###.#
#.............# #.# #.#
#############.# #.# #.#
#.# #.###.#######. #.#
#............. #.#
#####.######## #.#
#.######### #.#
#..........


You could see 2 gnolls.

Vanquished Creatures
  A gnoll (D:2)
  An ooze (D:1)
  A worm (D:2)
  A dart slug (D:1)
  4 bats
  3 giant cockroaches (D:2)
  8 goblins (D:1)
  6 hobgoblins
  3 kobolds
  3 frilled lizards (D:1)
  2 rats (D:1)
33 creatures vanquished.

Notes
Turn   | Place    | Note
-------+----------+-------------------------------------------
     0 | D:1      | Leibowitz the Demigod Gladiator began the quest for the Orb.
     0 | D:1      | Reached XP level 1. HP: 17/17 MP: 3/3
   373 | D:1      | Reached XP level 2. HP: 17/24 MP: 4/4
   919 | D:2      | Reached XP level 3. HP: 29/29 MP: 5/5
  1424 | D:2      | HP: 1/29 [gnoll/spear (5)]
  1426 | D:2      | Slain by a gnoll

Vault maps used:
D:1:      dpeg_arrival_simpleton_c

Skill      XL: |  1  2  3 |
---------------+----------+-----
Dodging        | 3 |  3.2
Fighting       | 2 |  2.2
Short Blades   | 3 |  3.2
Throwing       | |  1.9
Armour         | |  0.3
Stealth        | |  0.6

Action                   || total
-------------------------++-------
Melee: Rapier            ||   118
 Stab: Sleeping          ||     3
  Eat: Chunk             ||     1
Armor: Leather armour    ||    28
Dodge: Dodged            ||   108
